 Dungeon Crawl Stone Soup version 0.21-a0-417-g0adc95b (webtiles) character file.

211 KristoblXynda the Slasher (level 5, 0/38 HPs)
             Began as a Merfolk Gladiator on Nov 4, 2017.
             Succumbed to an adder's poison
             ... on level 4 of the Dungeon.
             The game lasted 00:07:00 (3167 turns).

KristoblXynda the Slasher (Merfolk Gladiator)       Turns: 3167, Time: 00:07:00

Health: 0/38       AC:  4    Str: 18 (21) XL:     5   Next: 88%
Magic:  5/5        EV: 21    Int: 14 (15) God:
Gold:   183        SH:  0    Dex: 23      Spells: 4/4 levels left

rFire    . . .     SeeInvis .   a - +0 long sword
rCold    . . .     Gourm    .   (no shield)
rNeg     . . .     Faith    .   b - +0 leather armour
rPois    .         Spirit   .   c - +0 helmet
rElec    .         Reflect  .   (no cloak)
rCorr    .         Harm     .   (no gloves)
MR       .....                  (no boots)
Stlth    +++.......             (no amulet)
HPRegen  0.12/turn              e - +2 ring of strength
MPRegen  0.09/turn              (no ring)

@: mighty, brilliant, agile, lethally poisoned (0 -> -6), hasted, very quick
A: change form in water, swift swim, stealthy swim, agile 1, clever 1
a: no special abilities


You were on level 4 of the Dungeon.
You were not hungry.

You visited 1 branch of the dungeon, and saw 4 of its levels.

You collected 183 gold pieces.

Inventory:

Hand Weapons
 a - a +0 long sword (weapon)
Missiles
 d - 3 throwing nets (quivered)
Armour
 b - a +0 leather armour (worn)
 c - a +0 helmet (worn)
Jewellery
 e - a +2 ring of strength (left hand)
 m - an uncursed amulet of harm {unknown}
Scrolls
 i - 2 scrolls of teleportation {unknown}
 j - 2 scrolls of identify {unknown}
 k - a scroll of random uselessness {unknown}
 p - 2 scrolls of enchant armour {unknown}
 s - a scroll of enchant weapon {unknown}
 t - 2 scrolls of remove curse {unknown}
 w - a scroll of noise {unknown}
Potions
 g - a potion of brilliance
 n - a potion of agility
 r - a potion of haste
 u - 2 potions of mutation
Comestibles
 f - 6 bread rations
 h - 2 fruits
 l - 2 meat rations
 q - 3 royal jellies


   Skills:
 - Level 2.1 Fighting
 * Level 5.4 Long Blades
 - Level 2.0 Throwing
 + Level 1.7 Armour
 + Level 5.4 Dodging


You had 4 spell levels left.
You didn't know any spells.

Dungeon Overview and Level Annotations

Branches:
Dungeon (4/15)
 Temple: D:4-7

Altars:
Ashenzari
Dithmenos
Ru
Wu Jian
Yredelemnul


Innate Abilities, Weirdness & Mutations

You revert to your normal form in water.
You are very nimble and swift while swimming.
You are very stealthy in the water. (Stealth+)
You are agile. (Dex +2)
Your mind is acute. (Int +2)


Message History

You hit the adder skeleton but do no damage.
The adder skeleton is severely damaged.
You see here a quokka corpse.
You hit the adder skeleton.
You destroy the adder skeleton!
* * * LOW HITPOINT WARNING * * *
You feel sick.
A giant cockroach comes into view.
It was a potion of might.
You feel very mighty all of a sudden.
* * * LOW HITPOINT WARNING * * *
You feel sick.
Unknown command.
Drop what? 21/52 slots (_ for help) (? for menu, Esc to quit)
Okay, then.
There is a lethal amount of poison in your body!
There is a lethal amount of poison in your body!
There is a lethal amount of poison in your body!
There is a lethal amount of poison in your body!
You die...

###...###
.. #>#...#
###.
#.###.#
#... #.#
#.### ..#
#. #...#
##.#
###.####..#
#......##
####†>...#
#..@.#...#
#)####....#
...
..._....#
###.
#.......[.
..
.......s.#
##
#._..⌠.._.#
#..........
##.......#.


There were no monsters in sight!

Vanquished Creatures
  A scorpion (D:4)
  A howler monkey (D:4)
  5 adders
  An adder skeleton (D:4)
  3 worms
  3 leopard geckos
  3 orcs
  A ball python (D:2)
  2 giant cockroaches
  8 goblins
  8 hobgoblins
  8 jackals
  A quokka (D:4)
  2 bats
  A frilled lizard (D:1)
  9 kobolds
  A quokka skeleton (D:4)
  5 rats
63 creatures vanquished.

Notes
Turn   | Place    | Note
-------+----------+-------------------------------------------
     0 | D:1      | KristoblXynda the Merfolk Gladiator began the quest for the Orb.
     0 | D:1      | Reached XP level 1. HP: 16/16 MP: 1/1
   382 | D:1      | Reached XP level 2. HP: 22/22 MP: 2/2
   719 | D:2      | Found a shadowy altar of Dithmenos.
   784 | D:2      | Reached XP level 3. HP: 12/27 MP: 3/3
  1191 | D:2      | Reached skill level 1 in Armour
  1601 | D:2      | Found an ornate altar of the Wu Jian Council.
  1662 | D:2      | Reached XP level 4. HP: 32/33 MP: 4/4
  3110 | D:4      | Found a shattered altar of Ashenzari.
  3115 | D:4      | Found a sacrificial altar of Ru.
  3117 | D:4      | Found a basalt altar of Yredelemnul.
  3139 | D:4      | Reached skill level 5 in Long Blades
  3139 | D:4      | Reached skill level 5 in Dodging
  3139 | D:4      | Reached XP level 5. HP: 32/38 MP: 5/5
  3149 | D:4      | Gained mutation: Your mind is acute. (Int +2) [potion of mutation]
  3149 | D:4      | Gained mutation: You are agile. (Dex +2) [potion of mutation]
  3165 | D:4      | HP: 1/38 [poisoned by an adder]
  3167 | D:4      | Succumbed to an adder's poison

Vault maps used:
D:1:      saegor_arrival_simple_b
D:2:      cheibrodos_helix_gallery, nicolae_overflow_crystal_walls,
          nicolae_dithmenos_through_a_glass_darkly
D:3:      first_bread, uniq_ijyb
D:4:      grunt_temple_overflow_open, lemuel_crystal_altar, old_standard_altar,
          minmay_temple_entry_poolview

Skill      XL: |  1  2  3  4 |
---------------+-------------+-----
Long Blades    | 4 5 |  5.4
Armour         | 1 |  1.7
Dodging        | 5 |  5.4
Fighting       | |  2.1
Throwing       | |  2.0

Action                   |  1- 3 |  4- 6 || total
-------------------------+-------+-------++-------
Melee: Long sword        |    71 |    97 ||   168
  Use: Potion            |       |     8 ||     8
 Stab: Sleeping          |     1 |     1 ||     2
  Eat: Chunk             |     2 |     5 ||     7
Armor: Leather armour    |    12 |    24 ||    36
Dodge: Dodged            |    63 |   110 ||   173
       Rpst.: Long sword |    19 |    37 ||    56

Table legend:
 A = Spawn XP
 B = Non-spawn XP
 C = Spawn XP percentage of total XP
 D = Spawn monster count
 E = Non-spawn monster count
 F = Spawn count percentage of total count
 G = Total turns spent on level
                    A         B        C        D         E        F      G
               +---------+---------+-------+---------+---------+-------+---------
         Total |       0 |     302 |   0.0 |       0 |      63 |   0.0 |  3167
               +---------+---------+-------+---------+---------+-------+---------
           D:1 |       0 |      22 |   0.0 |       0 |      14 |   0.0 |   671
           D:2 |       0 |      68 |   0.0 |       0 |      17 |   0.0 |  1348
           D:3 |       0 |      54 |   0.0 |       0 |      24 |   0.0 |  1080
           D:4 |       0 |     158 |   0.0 |       0 |       8 |   0.0 |    68
               +---------+---------+-------+---------+---------+-------+---------
